NCAA
CALIFORNIA GOLDEN BEARS @ ARIZONA WILDCATS
05/24/2025
 
TOP OF THE 1ST
California Golden Bears batting - Pitching for Arizona Wildcats : RHP Rob Stanley
Pitching: RHP Rob Stanley
Batting: LHB Kelsey Scott 0-0: Swinging Strike
0-1: Ball
1-1: SINGLE (Flyball, 7S)
Batting: RHB Robin Dobson 0-0: Ball
Wild Pitch!
Kelsey Scott to second
1-0: Foul Ball, location: 2F
1-1: Ball
2-1: Ball
3-1: Foul Ball, location: 2F
3-2: Base on Balls
Batting: RHB Marv Shepard 0-0: Ball
1-0: Called Strike
1-1: Called Strike
1-2: Strikes out swinging
Batting: LHB Robbie Evison 0-0: Called Strike
Kelsey Scott steals 3rd base
Robin Dobson to second
0-1: Ball
1-1: Foul Ball, location: 2F
1-2: Strikes out looking
Batting: SHB Darrel Lang 0-0: DOUBLE (Flyball, 7LD)
Kelsey Scott scores
Robin Dobson scores
Batting: RHB William Knisley 0-0: Ball
1-0: Ball
2-0: Ball
3-0: Called Strike
3-1: Base on Balls
Batting: RHB Francis Land 0-0: Called Strike
0-1: Ball
1-1: Called Strike
1-2: Ball
2-2: Strikes out swinging
Top of the 1st over - 2 run(s), 2 hit(s), 0 error(s), 2 left on base; California 2 - Arizona 0
BOTTOM OF THE 1ST
Arizona Wildcats batting - Pitching for California Golden Bears : RHP Justin Taylor
Pitching: RHP Justin Taylor
Batting: SHB José Espinoza 0-0: Foul Ball, location: 2F
0-1: Ball
1-1: Ball
2-1: Foul Ball, location: 2F
2-2: Ball
3-2: Foul Ball, location: 2F
3-2: SINGLE (Flyball, 9LS)
Batting: RHB Jorge Colorada 0-0: Ball
1-0: Swinging Strike
1-1: Ball
2-1: Fielders Choice at 2nd, 5-4 (Groundball, 5L)
Batting: RHB Michael Tucker 0-0: SINGLE (Groundball, 6M)
Jorge Colorada to second
Throwing error, E8
Jorge Colorada scores
Michael Tucker to second
Batting: RHB Gordon Owens 0-0: Called Strike
0-1: Foul Ball, location: 2F
0-2: Ball
1-2: Ball
2-2: Ball
3-2: Ground out 4-3 (Groundball, 4M)
Michael Tucker to third
Batting: LHB Larry Battle 0-0: Ball
1-0: Foul Ball, location: 2F
1-1: Swinging Strike
1-2: Foul Ball, location: 2F
1-2: SINGLE (Groundball, 34D)
Michael Tucker scores
Batting: LHB Larry Smith 0-0: Called Strike
0-1: Called Strike
0-2: Ball
1-2: Ball
Larry Battle steals 2nd base
2-2: Strikes out swinging
Bottom of the 1st over - 2 run(s), 3 hit(s), 1 error(s), 1 left on base; California 2 - Arizona 2
TOP OF THE 2ND
California Golden Bears batting - Pitching for Arizona Wildcats : RHP Rob Stanley
Batting: LHB Ken Wheeler 0-0: Called Strike
0-1: Swinging Strike
0-2: Strikes out looking
Batting: LHB Ryan Rheaume 0-0: Called Strike
0-1: Swinging Strike
0-2: Ball
1-2: Foul Ball, location: 2F
1-2: Ball
2-2: Strikes out swinging
Batting: LHB Kelsey Scott 0-0: Foul Ball, location: 2F
0-1: Ball
1-1: Called Strike
1-2: Strikes out swinging
Top of the 2nd over - 0 run(s), 0 hit(s), 0 error(s), 0 left on base; California 2 - Arizona 2
BOTTOM OF THE 2ND
Arizona Wildcats batting - Pitching for California Golden Bears : RHP Justin Taylor
Batting: SHB Steve Chase 0-0: Called Strike
0-1: SINGLE (Groundball, 34D)
Batting: RHB David Barker 0-0: Ball
1-0: Called Strike
1-1: SINGLE (Line Drive, 6)
Steve Chase to second
Batting: RHB Clarence Robertson 0-0: Ball
1-0: Ball
2-0: Ball
3-0: Base on Balls
Steve Chase to third
David Barker to second
Batting: SHB José Espinoza 0-0: Called Strike
0-1: Ball
1-1: Swinging Strike
1-2: Foul Ball, location: 2F
1-2: Fly out, F4 (Popup, 4D)
Batting: RHB Jorge Colorada 0-0: Ball
1-0: Fielders Choice at 2nd, 4-6 (Groundball, 4M)
Steve Chase scores
David Barker to third
Batting: RHB Michael Tucker 0-0: Called Strike
0-1: Ground out 2-3 (Groundball, 2L)
Bottom of the 2nd over - 1 run(s), 2 hit(s), 0 error(s), 2 left on base; California 2 - Arizona 3
TOP OF THE 3RD
California Golden Bears batting - Pitching for Arizona Wildcats : RHP Rob Stanley
Batting: RHB Robin Dobson 0-0: Ball
1-0: Foul Ball, location: 2F
1-1: Swinging Strike
1-2: Ball
2-2: Strikes out swinging
Batting: RHB Marv Shepard 0-0: Ball
1-0: Ball
2-0: Ball
3-0: Called Strike
3-1: Base on Balls
Batting: LHB Robbie Evison 0-0: Fly out, F9 (Flyball, 89S)
Batting: SHB Darrel Lang 0-0: Ball
1-0: Swinging Strike
1-1: Fielders Choice at 2nd, U4 (Groundball, 4M)
Top of the 3rd over - 0 run(s), 0 hit(s), 0 error(s), 1 left on base; California 2 - Arizona 3
BOTTOM OF THE 3RD
Arizona Wildcats batting - Pitching for California Golden Bears : RHP Justin Taylor
Batting: RHB Gordon Owens 0-0: Ball
1-0: Ground out 5-3 (Groundball, 56)
Batting: LHB Larry Battle 0-0: Swinging Strike
0-1: Called Strike
0-2: Ball
1-2: Strikes out swinging
Batting: LHB Larry Smith 0-0: Called Strike
0-1: Ball
1-1: SINGLE (Line Drive, 7S)
Batting: SHB Steve Chase 0-0: Ball
1-0: Swinging Strike
1-1: Swinging Strike
1-2: Strikes out swinging
Bottom of the 3rd over - 0 run(s), 1 hit(s), 0 error(s), 1 left on base; California 2 - Arizona 3
TOP OF THE 4TH
California Golden Bears batting - Pitching for Arizona Wildcats : RHP Rob Stanley
Batting: RHB William Knisley 0-0: Ball
1-0: Ball
2-0: Ball
3-0: Called Strike
3-1: Base on Balls
Batting: RHB Francis Land 0-0: Foul Ball, location: 2F
0-1: Ball
1-1: Fly out, F8 (Flyball, 8LM)
Batting: LHB Ken Wheeler 0-0: Called Strike
0-1: Ball
William Knisley is caught stealing 2nd base
1-1: Swinging Strike
1-2: Foul Ball, location: 2F
1-2: Ball
2-2: Ball
3-2: Foul Ball, location: 2F
3-2: SINGLE (Groundball, 56D)
Batting: LHB Ryan Rheaume 0-0: Ball
1-0: Ball
Ken Wheeler steals 2nd base
2-0: Ball
3-0: Base on Balls
Batting: LHB Kelsey Scott 0-0: Swinging Strike
0-1: Ball
1-1: Swinging Strike
1-2: Strikes out looking
Top of the 4th over - 0 run(s), 1 hit(s), 0 error(s), 2 left on base; California 2 - Arizona 3
BOTTOM OF THE 4TH
Arizona Wildcats batting - Pitching for California Golden Bears : RHP Justin Taylor
Batting: RHB David Barker 0-0: Fly out, F7 (Flyball, 7M)
Batting: RHB Clarence Robertson 0-0: Called Strike
0-1: Foul Ball, location: 2F
0-2: Strikes out looking
Batting: SHB José Espinoza 0-0: Called Strike
0-1: Foul Ball, location: 2F
0-2: Foul Ball, location: 2F
0-2: Ball
1-2: Ball
2-2: Ball
3-2: Foul Ball, location: 2F
3-2: Hit by Pitch
Pinch Runner at 1st Juan Navarro:
Batting: RHB Jorge Colorada 0-0: Ball
1-0: Fly out, F4 (Popup, 6MD)
Bottom of the 4th over - 0 run(s), 0 hit(s), 0 error(s), 1 left on base; California 2 - Arizona 3
TOP OF THE 5TH
California Golden Bears batting - Pitching for Arizona Wildcats : RHP Rob Stanley
Now in CF: Juan Navarro
Batting: RHB Robin Dobson 0-0: Foul Ball, location: 2F
0-1: Called Strike
0-2: Ball
1-2: Ball
2-2: Foul Ball, location: 2F
2-2: Ball
3-2: Foul Ball, location: 2F
3-2: Foul Ball, location: 2F
3-2: Base on Balls
Pitching: LHP Aaron Blankenship
Batting: RHB Marv Shepard 0-0: Called Strike
0-1: Ball
1-1: Called Strike
1-2: Foul Ball, location: 2F
1-2: Foul Ball, location: 2F
1-2: Ball
2-2: SINGLE (Groundball, 56D)
Robin Dobson to second
Batting: LHB Robbie Evison 0-0: Ball
1-0: Ball
Wild Pitch!
Robin Dobson to third
Marv Shepard to second
2-0: Swinging Strike
2-1: Ball
3-1: Swinging Strike
3-2: Strikes out swinging
Batting: SHB Darrel Lang 0-0: Ball
1-0: Swinging Strike
1-1: Called Strike
1-2: Ball
2-2: Fly out, F8 (Line Drive, 78M)
Batting: RHB William Knisley 0-0: Ball
1-0: Ground out 1-3 (Groundball, 13S)
Top of the 5th over - 0 run(s), 1 hit(s), 0 error(s), 2 left on base; California 2 - Arizona 3
BOTTOM OF THE 5TH
Arizona Wildcats batting - Pitching for California Golden Bears : RHP Justin Taylor
Batting: RHB Michael Tucker 0-0: Foul Ball, location: 2F
0-1: Ball
1-1: Called Strike
1-2: Foul Ball, location: 2F
1-2: Ball
2-2: Foul Ball, location: 2F
2-2: Fly out, F8 (Flyball, 8RS)
Pitching: RHP Gregg Sullivan
Batting: RHB Gordon Owens 0-0: Ball
1-0: DOUBLE (Line Drive, 9LD)
Batting: LHB Larry Battle 0-0: Ball
1-0: Swinging Strike
1-1: SINGLE (Flyball, 78M)
Gordon Owens to third
Batting: LHB Larry Smith 0-0: Ball
1-0: Ball
2-0: Ball
3-0: Called Strike
3-1: Foul Ball, location: 2F
3-2: Foul Ball, location: 2F
3-2: Fly out, F6 (Popup, 6MD)
Batting: SHB Steve Chase 0-0: Ball
1-0: Ground out 3-1 (Groundball, 34)
Bottom of the 5th over - 0 run(s), 2 hit(s), 0 error(s), 2 left on base; California 2 - Arizona 3
TOP OF THE 6TH
California Golden Bears batting - Pitching for Arizona Wildcats : LHP Aaron Blankenship
Batting: RHB Francis Land 0-0: Ball
1-0: Ball
2-0: Foul Ball, location: 2F
2-1: Ball
3-1: Fly out, F7 (Line Drive, 7S)
Batting: LHB Ken Wheeler 0-0: Called Strike
0-1: Swinging Strike
0-2: Ball
1-2: Ball
2-2: Foul Ball, location: 2F
2-2: Ball
3-2: Base on Balls
Pitching: RHP Matt Cleveland
Batting: LHB Ryan Rheaume 0-0: Ball
1-0: Foul Ball, location: 2F
1-1: Foul Ball, location: 2F
1-2: Ball
2-2: Ball
3-2: SINGLE (Groundball, 56D)
Ken Wheeler to second
Batting: LHB Kelsey Scott 0-0: Ball
1-0: Ball
2-0: Swinging Strike
2-1: Foul Ball, location: 2F
2-2: Strikes out swinging
Batting: RHB Robin Dobson 0-0: Ball
1-0: Ball
2-0: Ball
3-0: Called Strike
3-1: Base on Balls
Ken Wheeler to third
Ryan Rheaume to second
Batting: RHB Marv Shepard 0-0: Called Strike
0-1: Foul Ball, location: 2F
0-2: Fly out, F4 (Popup, 4)
Top of the 6th over - 0 run(s), 1 hit(s), 0 error(s), 3 left on base; California 2 - Arizona 3
BOTTOM OF THE 6TH
Arizona Wildcats batting - Pitching for California Golden Bears : RHP Gregg Sullivan
Batting: RHB David Barker 0-0: Ball
1-0: Foul Ball, location: 2F
1-1: Ball
2-1: Ground out 5-3 (Groundball, 56)
Batting: RHB Clarence Robertson 0-0: Ball
1-0: Ball
2-0: SINGLE (Line Drive, 34)
Batting: RHB Juan Navarro 0-0: Foul Ball, location: 2F
0-1: Ball
1-1: Ball
2-1: Ball
3-1: Base on Balls
Clarence Robertson to second
Batting: RHB Jorge Colorada 0-0: Called Strike
0-1: Foul Ball, location: 2F
0-2: Ball
1-2: Foul Ball, location: 2F
1-2: Ball
2-2: DOUBLE (Line Drive, 5L)
Clarence Robertson scores
Juan Navarro to third
Batting: RHB Michael Tucker 0-0: Called Strike
0-1: Ball
1-1: Foul Ball, location: 2F
1-2: Ball
2-2: Ball
3-2: Strikes out swinging
Batting: RHB Gordon Owens 0-0: Ball
1-0: Ball
2-0: Foul Ball, location: 2F
2-1: Swinging Strike
2-2: Strikes out swinging
Bottom of the 6th over - 1 run(s), 2 hit(s), 0 error(s), 2 left on base; California 2 - Arizona 4
TOP OF THE 7TH
California Golden Bears batting - Pitching for Arizona Wildcats : RHP Matt Cleveland
Batting: LHB Robbie Evison 0-0: Ball
1-0: Fly out, F7 (Flyball, 78M)
Batting: SHB Darrel Lang 0-0: Ball
1-0: Called Strike
1-1: Swinging Strike
1-2: Strikes out swinging
Batting: RHB William Knisley 0-0: Called Strike
0-1: Ball
1-1: Swinging Strike
1-2: Foul Ball, location: 2F
1-2: Ground out 6-3 (Groundball, 6)
Top of the 7th over - 0 run(s), 0 hit(s), 0 error(s), 0 left on base; California 2 - Arizona 4
BOTTOM OF THE 7TH
Arizona Wildcats batting - Pitching for California Golden Bears : RHP Gregg Sullivan
Batting: LHB Larry Battle 0-0: Ball
1-0: Ground out 4-3 (Groundball, 4)
Pitching: LHP Colton Elías
Batting: LHB Larry Smith 0-0: Ball
1-0: Called Strike
1-1: Ball
2-1: Called Strike
2-2: SINGLE (Groundball, 25) (infield hit)
Batting: SHB Steve Chase 0-0: Ball
1-0: Ball
2-0: Ball
3-0: Base on Balls
Larry Smith to second
Batting: RHB David Barker 0-0: Ball
1-0: Foul Ball, location: 2F
1-1: Swinging Strike
1-2: Foul Ball, location: 2F
1-2: Ball
2-2: Ball
3-2: Base on Balls
Larry Smith to third
Steve Chase to second
Batting: RHB Clarence Robertson 0-0: Ball
1-0: SINGLE (Flyball, 9LS)
Larry Smith scores
Steve Chase to third
David Barker to second
Batting: RHB Juan Navarro 0-0: Ball
1-0: Ball
2-0: Called Strike
2-1: Swinging Strike
2-2: Strikes out swinging
Batting: RHB Jorge Colorada 0-0: Ball
1-0: Ball
2-0: Ball
3-0: Called Strike
3-1: Base on Balls
Steve Chase scores
David Barker to third
Clarence Robertson to second
Batting: RHB Michael Tucker 0-0: Ball
1-0: Ball
2-0: Called Strike
2-1: Called Strike
2-2: Strikes out swinging
Bottom of the 7th over - 2 run(s), 2 hit(s), 0 error(s), 3 left on base; California 2 - Arizona 6
TOP OF THE 8TH
California Golden Bears batting - Pitching for Arizona Wildcats : RHP Matt Cleveland
Batting: RHB Francis Land 0-0: Ball
1-0: Foul Ball, location: 2F
1-1: Ball
2-1: Ground out 6-3 (Groundball, 6)
Pitching: RHP Cal Dayment
Batting: LHB Ken Wheeler 0-0: Foul Ball, location: 2F
0-1: Ball
1-1: Foul Ball, location: 2F
1-2: Strikes out swinging
Batting: LHB Ryan Rheaume 0-0: Ground out 4-3 (Groundball, 13)
Top of the 8th over - 0 run(s), 0 hit(s), 0 error(s), 0 left on base; California 2 - Arizona 6
BOTTOM OF THE 8TH
Arizona Wildcats batting - Pitching for California Golden Bears : LHP Colton Elías
Batting: RHB Gordon Owens 0-0: Called Strike
0-1: Foul Ball, location: 2F
0-2: Ground out 5-3 (Groundball, 5S)
Batting: LHB Larry Battle 0-0: Ball
1-0: Called Strike
1-1: Fly out, F8 (Line Drive, 8LM)
Batting: LHB Larry Smith 0-0: Ground out 4-3 (Groundball, 4)
Bottom of the 8th over - 0 run(s), 0 hit(s), 0 error(s), 0 left on base; California 2 - Arizona 6
TOP OF THE 9TH
California Golden Bears batting - Pitching for Arizona Wildcats : RHP Cal Dayment
Batting: LHB Kelsey Scott 0-0: Called Strike
0-1: Ball
1-1: Ball
2-1: Called Strike
2-2: Strikes out looking
Batting: RHB Robin Dobson 0-0: Ball
1-0: Ground out U3 (Groundball, 3S)
Batting: RHB Marv Shepard 0-0: Ball
1-0: Fly out, F5 (Line Drive, 56)
Top of the 9th over - 0 run(s), 0 hit(s), 0 error(s), 0 left on base; California 2 - Arizona 6
This league is powered by Out of the Park Baseball, the baseball management simulation game for PC, Mac and Linux
Tuesday, August 2nd, 2016 - OOTP Baseball 16.8 Build 38